 Dungeon Crawl Stone Soup version 0.21.1-68-g103a7af (webtiles) character file.

87 Madoushi the Chopper (level 4, 0/41 HPs)
             Began as a Minotaur Berserker on Aug 2, 2018.
             Was a Believer of Trog.
             Killed by divine providence
             ... invoked by an orc priest
              (12 damage)
             ... on level 3 of the Dungeon.
             The game lasted 00:05:01 (1181 turns).

Madoushi the Chopper (Minotaur Berserker)           Turns: 1181, Time: 00:05:01

Health: 0/41       AC:  7    Str: 23    XL:     4   Next: 28%
Magic:  3/3        EV: 11    Int:  4    God:    Trog [**....]
Gold:   150        SH:  5    Dex:  9    Spells: 3/3 levels left

rFire    . . .     SeeInvis .   s - -2 short sword (curse)
rCold    . . .     Gourm    .   (no shield)
rNeg     . . .     Faith    .   f - +1 ring mail
rPois    .         Spirit   .   (helmet restricted)
rElec    .         Reflect  +   (no cloak)
rCorr    .         Harm     .   (no gloves)
MR       .....                  i - +0 pair of boots
Stlth    ..........             q - +5 amulet of reflection
HPRegen  0.13/turn              (no ring)
MPRegen  0.08/turn              (no ring)

@: no status effects
A: retaliatory headbutt, horns 2
a: Berserk, Trog's Hand, Burn Spellbooks, Renounce Religion


You were on level 3 of the Dungeon.
You worshipped Trog.
Trog was pleased with you.
You were hungry.

You visited 1 branch of the dungeon, and saw 3 of its levels.

You collected 150 gold pieces.

Inventory:

Hand Weapons
 a - a +0 hand axe
 s - a cursed -2 short sword (weapon)
Missiles
 d - 4 tomahawks (quivered)
Armour
 b - a +0 animal skin
 f - a +1 ring mail (worn)
 i - a +0 pair of boots (worn)
Jewellery
 g - an uncursed ring of protection from cold {unknown}
 j - an uncursed ring of magical power
 p - an uncursed amulet of the gourmand {unknown}
 q - a +5 amulet of reflection (around neck)
Wands
 l - a wand of random effects (20)
Scrolls
 o - a scroll of blinking
Potions
 e - a potion of might {unknown}
 h - 2 potions of berserk rage
 k - a potion of mutation {unknown}
 m - a potion of heal wounds {unknown}
 n - a potion of agility {unknown}
 r - a potion of curing {unknown}
Comestibles
 c - 4 rations


   Skills:
 + Level 4.6 Fighting
 + Level 5.0 Axes
 + Level 3.0 Armour
 + Level 2.5 Dodging


You had 3 spell levels left.
You didn't know any spells.

Dungeon Overview and Level Annotations

Branches:
Dungeon (3/15)

Altars:
Xom

Annotations:
D:3 sbat's ghost, amateur TrFi


Innate Abilities, Weirdness & Mutations

You reflexively headbutt those who attack you in melee.
You have a pair of horns on your head.


Message History

The orc wizard casts a spell.
The orc wizard seems to speed up.
The orc priest calls down the wrath of Beogh upon you.
Pain shoots through your body!
The orc priest begins to cast a cantrip, but forgets the words!
A jackal comes into view.
Unknown command.
The orc priest looks encouraged for a moment.
The orc wizard barely misses you. You furiously retaliate!
You headbutt the orc wizard.
The orc wizard hits you but does no damage.
The orc wizard hits you but does no damage.
The orc wizard barely misses you. You furiously retaliate!
You headbutt the orc wizard!
The orc wizard points at you and mumbles some strange words.
The magic dart hits you!
* * * LOW HITPOINT WARNING * * *
The orc priest invokes the aid of Beogh against you.
Beogh smites you!
You die...

#. .......# ##.....#...##)[..##
#. ####### #.W......####....#
###.#### #.o......#.....###
.......# #..........#.######
.......# ##.o.......#.......
.....<.# #####o.............<..
...>...# ##....o......#.#.......
.......####..###.......#.#.......
............###.@........#.......
....(..#........####....#..†.....
...........##....................
####.##............###.......####
#.#.......(....## #########
..#............#
..##............#
.##............<## ..
..#.....##...##


You could see an orc priest, an orc wizard, sbat's ghost and 2 orcs.

Vanquished Creatures
  An orc priest (D:3)
  2 worms (D:2)
  2 dart slugs
  6 orcs (D:3)
  3 giant cockroaches
  2 goblins
  6 hobgoblins
  2 jackals (D:1)
  8 kobolds
  2 ball pythons
  4 bats
  2 frilled lizards
  3 rats
43 creatures vanquished.

Notes
Turn   | Place    | Note
-------+----------+-------------------------------------------
     0 | D:1      | Madoushi the Minotaur Berserker began the quest for the Orb.
     0 | D:1      | Reached XP level 1. HP: 19/19 MP: 0/0
   117 | D:1      | Reached XP level 2. HP: 27/27 MP: 1/1
   173 | D:1      | Reached skill level 4 in Axes
   646 | D:2      | Reached XP level 3. HP: 33/33 MP: 2/2
   691 | D:2      | Reached ** piety under Trog
   716 | D:2      | Found a shimmering altar of Xom.
  1117 | D:3      | Reached skill level 5 in Axes
  1117 | D:3      | Reached XP level 4. HP: 32/41 MP: 3/3
  1154 | D:3      | Noticed sbat's ghost (amateur TrFi)
  1181 | D:3      | Killed from afar by an orc priest

Skill      XL: |  1  2  3 |
---------------+----------+-----
Axes           | 4 5 |  5.0
Fighting       | 4 |  4.6
Armour         | 3 |  3.0
Dodging        | |  2.5

Action                   |  1- 3 |  4- 6 || total
-------------------------+-------+-------++-------
Melee: Hand axe          |    78 |     1 ||    79
       Headbutt          |    12 |       ||    12
  Use: Scroll            |     5 |       ||     5
Armor: Animal skin       |     1 |       ||     1
       Ring mail         |    15 |     2 ||    17
Dodge: Dodged            |    43 |     3 ||    46
Block: Other             |     4 |       ||     4
